AoeStats
← l3141516

Arabia

506301552Analyzed
4v4 RM · 19d ago on Sep 13, 2026· 95m 48s· 8 players
Game mode
Random Map
Map size
Large (8 player)
Population
200
Speed
Normal
Resources
Standard
Victory
Conquest
Starting age
Dark Age
Ending age
Imperial Age
RankedLock teamsTeams togetherTeam positionsShared explorationLock speedFull tech treeHidden civsTurbo modeCheats
Victory
Defeat
🇺🇸 Britons · United States
711
+15
🇲🇽 Vikings · Mexico
666
+17
🇺🇸 Khmer · United States
640
+18
🇲🇽 Franks · Mexico
604
+21
🇺🇸 Muisca · United States
739
-19
🇵🇪 Khmer · Peru
701
-18
🇧🇷 Malians · Brazil
691
-18
🇻🇳 Magyars · Vietnam
648
-16
MoldyShelf59466
2:28 Loom
11:47 Feudal Age
12:54 Double-Bit Axe
13:56 Man-at-Arms
21:16 Wheelbarrow
21:51 Bloodlines
22:39 Gold Mining
22:45 Stone Mining
22:44 Horse Collar
25:41 Town Watch
26:42 Scale Barding Armor
29:59 Castle Age
27:59 Fletching
29:38 Forging
31:14 Caravan
33:04 Bow Saw
33:58 Hand Cart
36:53 Heavy Plow
39:48 Tusk Swords
40:52 Fortified Wall
44:22 Chain Barding Armor
44:39 Iron Casting
49:33 Imperial Age
50:27 Double Crossbow
59:52 Heavy Scorpion
73:45 Town Patrol
75:45 Siege Engineers
76:41 Chemistry
77:47 Elite Ballista Elephant
81:10 Masonry
81:08 Elite Battle Elephant
84:35 Hoardings
84:52 Crop Rotation
85:21 Architecture
87:52 Bodkin Arrow
ELITEMARIO69
9:07 Loom
12:46 Feudal Age
13:15 Double-Bit Axe
13:38 Horse Collar
21:31 Castle Age
25:53 Squires
25:56 Stone Mining
29:35 Bow Saw
29:57 Gold Mining
31:00 Forging
30:51 Scale Mail Armor
31:51 Heavy Plow
34:17 Fortified Wall
34:03 Murder Holes
36:50 Imperial Age
34:22 Gambesons
36:34 Gold Shaft Mining
39:09 Conscription
38:10 Elite Berserk
39:57 Crop Rotation
40:27 Chieftains
41:32 Capped Ram
43:33 Siege Ram
46:13 Iron Casting
45:54 Chain Mail Armor
48:02 Blast Furnace
48:03 Scale Barding Armor
48:30 Plate Mail Armor
48:03 Padded Archer Armor
47:55 Fletching
48:35 Caravan
53:20 Bogsveigar
55:38 Town Watch
55:52 Bodkin Arrow
56:12 Leather Archer Armor
56:53 Arson
56:31 Pikeman
60:13 Coinage
61:00 Chemistry
59:44 Treadmill Crane
60:25 Ballistics
60:11 Siege Engineers
60:17 Masonry
65:05 Bracer
65:59 Elite Skirmisher
72:42 Ring Archer Armor
72:19 Scale Barding Armor
83:06 Chain Barding Armor
87:43 Man-at-Arms
89:04 Long Swordsman
89:49 Two-Handed Swordsman
90:46 Champion
92:38 Town Patrol
ricardo_srs
9:56 Feudal Age
11:13 Wheelbarrow
12:12 Double-Bit Axe
20:56 Castle Age
22:17 Bow Saw
23:06 Stone Mining
27:33 Gold Mining
28:03 Fervor
29:58 Gold Shaft Mining
33:53 Imperial Age
33:50 #83
34:15 Cavalier
34:55 Husbandry
35:33 Hand Cart
35:04 Town Watch
36:51 Fortified Wall
37:43 Chemistry
37:49 Town Patrol
37:35 Loom
39:15 Forging
39:06 Scale Mail Armor
39:11 Scale Barding Armor
39:30 Chivalry
40:05 Caravan
40:36 Coinage
41:48 Paladin
42:55 Conscription
45:03 Iron Casting
44:43 Chain Mail Armor
44:49 Chain Barding Armor
44:29 Elite Throwing Axeman
50:22 Blast Furnace
49:53 Plate Mail Armor
49:58 Plate Barding Armor
62:24 Fletching
62:35 Padded Archer Armor
74:43 Pikeman
75:25 Squires
74:47 Man-at-Arms
75:15 Gambesons
minhtr3
10:37 Feudal Age
11:27 Horse Collar
11:40 Double-Bit Axe
15:52 Wheelbarrow
21:33 Castle Age
21:35 Crossbowman
23:21 Hand Cart
23:21 Bow Saw
30:27 Ballistics
37:04 Imperial Age
37:25 Cavalier
42:16 Scale Barding Armor
43:49 Husbandry
53:29 Caravan
66:14 Two-Man Saw
67:39 Arbalester
86:30 Heavy Cavalry Archer
Brett_Sensei
0:28 Loom
12:19 Feudal Age
12:47 Double-Bit Axe
15:14 Horse Collar
18:23 Wheelbarrow
20:54 Gold Mining
23:06 Castle Age
22:23 Stone Mining
22:15 Champi Runner
24:33 Bow Saw
24:27 Heavy Plow
25:05 Gold Shaft Mining
25:44 Squires
25:06 Pikeman
27:28 Champi Warrior
31:06 Thumb Ring
30:33 Elite Skirmisher
36:40 Imperial Age
35:23 Ballistics
37:31 Fletching
37:54 Forging
38:19 Bodkin Arrow
38:51 Hand Cart
38:10 Elite Champi Warrior
38:13 Elite Temple Guard
40:38 Two-Man Saw
40:17 Stone Shaft Mining
43:12 Chemistry
42:18 Bracer
42:19 Scale Mail Armor
42:20 Padded Archer Armor
42:55 Iron Casting
42:07 Crossbowman
43:09 Treadmill Crane
44:11 Crop Rotation
43:34 Arbalester
45:34 Conscription
46:23 Heavy Scorpion
53:06 Chain Mail Armor
53:06 Leather Archer Armor
56:03 Onager
60:59 Murder Holes
73:33 Masonry
LookVil
9:52 Feudal Age
20:03 Castle Age
18:02 Stone Mining
21:24 Stone Shaft Mining
21:48 Horse Collar
22:42 Double-Bit Axe
25:02 Caravan
26:42 Wheelbarrow
29:24 Bow Saw
31:55 Heavy Plow
37:57 Imperial Age
35:47 Hand Cart
36:21 Forging
36:12 Scale Mail Armor
36:15 Tigui
36:39 Gold Mining
37:49 Iron Casting
38:01 Elite Gbeto
39:03 Conscription
39:39 Gold Shaft Mining
39:23 Chain Mail Armor
39:56 Loom
39:59 Town Watch
40:47 Plate Mail Armor
43:05 Thumb Ring
79:34 Cavalier
80:15 Husbandry
81:18 Bloodlines
89:04 Scale Barding Armor
l3141516
0:50 Loom
11:24 Feudal Age
12:15 Double-Bit Axe
20:18 Castle Age
18:10 Arson
22:25 Caravan
22:25 Pikeman
27:07 Husbandry
28:24 Town Watch
33:45 Stone Mining
37:50 Gold Mining
38:43 Stone Shaft Mining
39:12 Bloodlines
38:22 Light Cavalry
41:28 Horse Collar
42:05 Bow Saw
45:40 Imperial Age
45:19 Tusk Swords
46:09 Gold Shaft Mining
46:15 Wheelbarrow
46:55 Conscription
47:51 Chemistry
48:04 Halberdier
48:21 Capped Ram
49:30 Heavy Scorpion
51:27 Siege Ram
54:51 Hand Cart
56:15 Double Crossbow
60:54 Town Patrol
64:40 Elite Ballista Elephant
67:55 Scale Barding Armor
67:51 Scale Mail Armor
68:01 Forging
70:54 Chain Barding Armor
70:50 Chain Mail Armor
71:11 Iron Casting
74:38 Plate Barding Armor
75:03 Blast Furnace
78:49 Hussar
Tie
11:15 Feudal Age
10:08 Loom
11:53 Double-Bit Axe
18:50 Castle Age
17:14 Horse Collar
17:27 Gold Mining
19:56 Wheelbarrow
26:17 Stone Mining
26:57 Bow Saw
28:19 Bloodlines
29:42 Corvinian Army
32:44 Gold Shaft Mining
32:55 Heavy Plow
33:56 Husbandry
34:26 Scale Barding Armor
34:59 Hand Cart
36:16 Chain Barding Armor
40:48 Imperial Age
38:54 Caravan
42:14 Plate Barding Armor
41:02 Cavalier
41:24 Elite Magyar Huszar
42:40 Crop Rotation
92:05 Paladin
Connection lost

Rejoining the realm…

Still unreachable

The connection could not be restored.

Session expired

The server has moved on; the page needs a fresh start.